 Dungeon Crawl Stone Soup version 0.29-a0-1061-gbc57f8fbdb (webtiles) character file.

Game seed: 16883654708195372739

44 Nedwor the Slasher (level 3, -2/28 HPs)
             Began as a Demonspawn Gladiator on Aug 18, 2022.
             Slain by a goblin
             ... wielding a +0 dagger
             ... led by Robin
              (5 damage)
             ... on level 2 of the Dungeon.
             The game lasted 00:01:37 (1138 turns).

Nedwor the Slasher (Demonspawn Gladiator)           Turns: 1138, Time: 00:01:38

Health: -2/28      AC:  8    Str: 16    XL:     3   Next: 39%
Magic:  3/3        EV: 12    Int:  9    God:
Gold:   133        SH:  0    Dex: 14    Spells: 2/2 levels left

rFire   . . .      SeeInvis .   a - +0 long sword
rCold   . . .      Faith    .   (no shield)
rNeg    . . .      Spirit   .   b - +0 leather armour
rPois   .          Reflect  .   o - +2 helmet
rElec   .          Harm     .   (no cloak)
rCorr   .          Rampage  .   (no gloves)
Will    .....                   (no boots)
Stlth   +.........              (no amulet)
HPRegen 0.09/turn               (no ring)
MPRegen 0.08/turn               (no ring)

@: no status effects
A: molten scales 1, foul stench 1
a: no special abilities


You were on level 2 of the Dungeon.
You visited 1 branch of the dungeon, and saw 2 of its levels.

You collected 133 gold pieces.

Inventory:

Hand Weapons
 a - a +0 long sword (weapon)
Missiles
 d - 3 throwing nets (quivered)
 e - a javelin
 f - 2 silver javelins
Armour
 b - a +0 leather armour (worn)
 o - a +2 helmet (worn)
Wands
 q - a wand of polymorph (5)
Scrolls
 h - a scroll of teleportation {unknown}
 j - a scroll of vulnerability {unknown}
 l - 2 scrolls of enchant armour
 n - a scroll of noise {unknown}
Potions
 c - 2 potions of heal wounds {unknown}
 i - a potion of resistance {unknown}
 k - a potion of curing {unknown}
 m - a potion of brilliance {unknown}
 p - 3 potions of berserk rage {unknown}


   Skills:
 + Level 2.4 Fighting
 * Level 3.3 Long Blades
 - Level 1.7 Throwing
 + Level 1.0 Armour
 + Level 3.0 Dodging


You had 2 spell levels left.
You didn't know any spells.
Your spell library contained the following spells:

 Spells                   Type           Power      Damage    Failure   Level
 Beastly Appendage        Tmut           0%         N/A       45%         1
 Magic Dart               Conj           0%         1d3       45%         1
 Call Imp                 Summ           0%         N/A       58%         2
 Wereblood                Tmut           0%         N/A       58%         2
 Mephitic Cloud           Conj/Pois/Air  0%         N/A       83%         3
 Ozocubu's Armour         Ice            0%         N/A       83%         3
 Spider Form              Tmut/Pois      0%         N/A       83%         3
 Metabolic Englaciation   Hex/Ice        0%         N/A       100%        5
 Simulacrum               Ice/Necr       0%         N/A       100%        6


Dungeon Overview and Level Annotations

Branches:
Dungeon (2/15)

Altars:
Ru

Annotations:
D:2 Robin


Innate Abilities, Weirdness & Mutations

You are partially covered in molten scales. (AC +2)
You may rarely emit foul miasma when damaged in melee.


Message History

The goblin hits you but does no damage.
You closely miss the goblin.
The goblin is moderately wounded.
The hobgoblin hits you. Robin hits you but does no damage.
The goblin barely misses you. The goblin hits you but does no damage.
You closely miss the goblin.
The goblin is moderately wounded.
Robin's bangles clink loudly.
The hobgoblin barely misses you. The goblin closely misses you. x2
The goblin hits you but does no damage. The hobgoblin closely misses you.
The goblin closely misses you.
You closely miss the goblin.
The goblin is moderately wounded.
The goblin no longer looks unusually strong.
The hobgoblin hits you.
You emit a cloud of foul miasma!
The goblin hits you with a +0 dagger.
* * * LOW HITPOINT WARNING * * *
The goblin hits you with a +0 club.
* * * LOW HITPOINT WARNING * * *
You barely miss the goblin.
The goblin is moderately wounded.
The hobgoblin is engulfed in dark miasma.
The hobgoblin is poisoned.
You kill the hobgoblin!
The goblin hits you but does no damage. The goblin hits you with a +0 club.
* * * LOW HITPOINT WARNING * * *
Robin closely misses you.
You hit the goblin but do no damage.
The goblin is moderately wounded.
The goblin hits you with a +0 club.
* * * LOW HITPOINT WARNING * * *
Robin roars a battlecry!
The goblin goes into a battle-frenzy!
The goblin hits you with a +0 dagger.
* * * LOW HITPOINT WARNING * * *
You closely miss the goblin.
The goblin is moderately wounded.
The goblin closely misses you. Robin barely misses you.
The goblin hits you with a +0 dagger.
You die...

.... #...# #........
.......###...###.#######
.......g.........#
.........gg......#
..........g......# #.#
.......###g..###.# #.#
.)..... #...# #.# #.#
#..°###g..###.#######
#.#
#..g@gggg............
#.#
#...g##g.............
#.#
##...#########........
#.# #......# #........
#.# #......# #........
#.## #......# #........
#.<# #......# #........
###..#####......#
#........
#........#......#
#...<....


You could see Robin, 2 hobgoblins and 5 goblins.

Vanquished Creatures
  An adder (D:2)
  A worm (D:2)
  4 endoplasms
  2 giant cockroaches
  2 goblins
  8 hobgoblins
  2 kobolds (D:1)
  A quokka (D:2)
  2 ball pythons (D:1)
  2 bats
  A frilled lizard (D:1)
  2 rats (D:1)
28 creatures vanquished.

Notes
Turn   | Place    | Note
-------+----------+-------------------------------------------
     0 | D:1      | Nedwor the Demonspawn Gladiator began the quest for the
                  | Orb.
     0 | D:1      | Reached XP level 1. HP: 16/16 MP: 1/1
   146 | D:1      | Found a faded altar of an unknown god.
   429 | D:1      | Gained mutation: You are partially covered in molten
                  | scales. (AC +2) [demonic ancestry]
   429 | D:1      | Reached XP level 2. HP: 22/22 MP: 2/2
   902 | D:2      | Gained mutation: You may rarely emit foul miasma when
                  | damaged in melee. [demonic ancestry]
   902 | D:2      | Reached XP level 3. HP: 24/28 MP: 3/3
  1031 | D:2      | Found a sacrificial altar of Ru.
  1076 | D:2      | Reached skill level 1 in Armour
  1108 | D:2      | Noticed Robin
  1138 | D:2      | Slain by a goblin

Illustrated notes

Levels and vault maps discovered:
D:1:      shiori_arrival_elements, layout_basic, basic_ecumenical_altar,
          nrook_loot_triangle, minmay_ruptured
D:2:      layout_basic, basic_altar, minmay_misc_feat_cross, uniq_robin

Skill      XL: |  1  2  3 |
---------------+----------+-----
Long Blades    | 3 |  3.3
Dodging        | 3 |  3.0
Armour         | 1 |  1.0
Fighting       | |  2.4
Throwing       | |  1.7

Action                   || total
-------------------------++-------
Melee: Long sword        ||    88
  Use: Scroll            ||     1
Armor: Leather armour    ||    59
Dodge: Dodged            ||    86

Table legend: (Time is in decaauts)
 A = Elapsed time spent in this place.
 B = Non-inter-level travel time spent in this place.
 C = Inter-level travel time spent in this place.
 D = Time resting spent in this place.
 E = Time spent auto-exploring this place.
 F = Levels seen in this place.
 G = Mean time per level.
                   A        B        C        D        E       F      G
               +--------+--------+--------+--------+--------+-----+--------+
         Total |   1159 |   1142 |     17 |    164 |    729 |   2 |  579.5 |
       Dungeon |   1159 |   1142 |     17 |    164 |    729 |   2 |  579.5 |
               +--------+--------+--------+--------+--------+-----+--------+

Top non-repeatable levels by time:
     D:1: 660 daAuts
     D:2: 498 daAuts
